 Dungeon Crawl Stone Soup version 0.21.0-25-ge575cb9 (webtiles) character file.

149 Gorglomux the Caller (level 5, 0/28 HPs)
             Began as a Tengu Summoner on Jan 24, 2018.
             Blown up by Ijyb (2 damage)
             ... with a wand of disintegration (14)
             ... on level 4 of the Dungeon.
             The game lasted 00:10:30 (3655 turns).

Gorglomux the Caller (Tengu Summoner)               Turns: 3655, Time: 00:10:31

Health: 0/28       AC:  2    Str: 13    XL:     5   Next: 31%
Magic:  1/10       EV: 13    Int: 23    God:
Gold:   133        SH:  0    Dex: 19    Spells: 5/11 levels left

rFire    + . .     SeeInvis .   y - +0 mace (protect)
rCold    + + .     Gourm    .   (no shield)
rNeg     . . .     Faith    .   a - +0 robe
rPois    +         Spirit   .   (helmet restricted)
rElec    +         Reflect  .   (no cloak)
rCorr    +         Harm     .   (no gloves)
MR       .....                  (boots unavailable)
Stlth    ++........             (no amulet)
HPRegen  0.09/turn              l - ring of flight
MPRegen  0.12/turn              q - +4 ring of dexterity

@: mighty, brilliant, lethally poisoned (0 -> -1), resistant
A: beak, talons 3, blurry vision 1, clever 1, cold resistance 1, low mp 1, able
to fly 1
a: Fly, Evoke Flight


You were on level 4 of the Dungeon.
You were not hungry.

You visited 1 branch of the dungeon, and saw 4 of its levels.

You collected 133 gold pieces.

Inventory:

Hand Weapons
 y - a +0 mace of protection (weapon)
Armour
 a - a +0 robe (worn)
Jewellery
 l - a ring of flight (left hand)
 q - a +4 ring of dexterity (right hand)
Scrolls
 d - 7 scrolls of identify {unknown}
 g - 3 scrolls of remove curse {unknown}
 j - a scroll of enchant armour {unknown}
 k - 2 scrolls of noise {unknown}
 m - a scroll of fear {unknown}
 n - a scroll of enchant weapon {unknown}
 s - a scroll of fog {unknown}
 x - a scroll of blinking {unknown}
Potions
 u - a potion of agility {unknown}
 v - a potion of curing {unknown}
 w - a potion of magic {unknown}
Books
 b - a book of Callings

   Spells                             Type                      Level
   a - Summon Small Mammal            Summoning                    1
   b - Call Imp                       Summoning                    2
   c - Call Canine Familiar           Summoning                    3
   d - Summon Guardian Golem          Hexes/Summoning              3
   e - Summon Lightning Spire         Summoning/Air                4
   f - Summon Ice Beast               Ice/Summoning                4
Comestibles
 c - 6 rations
 z - 2 chunks of flesh


   Skills:
 - Level 2.1 Dodging
 - Level 2.0 Stealth
 + Level 3.7 Spellcasting
 + Level 6.4 Summonings


You had 5 spell levels left.
You knew the following spells:

 Your Spells              Type           Power        Failure   Level  Hunger
a - Summon Small Mammal   Summ           ####         1%          1    None
b - Call Imp              Summ           #####...     1%          2    #......
c - Call Canine Familiar  Summ           #####...     1%          3    ###....


Dungeon Overview and Level Annotations

Branches:
Dungeon (4/15)
 Temple: D:4-7

Altars:

Annotations:
D:4 Ijyb


Innate Abilities, Weirdness & Mutations

You have a beak for a mouth.
You have claws for feet.
You can fly.
Scrolls take you a little longer to read.
Your mind is acute. (Int +2)
Your flesh is cold resistant. (rC+)
Your magical capacity is low. (-10% MP)


Message History

Butt: Ijyb, wearing a leather armour and carrying a wand of disintegration (15) Attack!!!
Ijyb zaps a wand!
You are blasted!!!
DANG; * * * don'butt die
* * * Ijyb closely misses your wolf!
Your wolf bites Ijyb butt does no damage!
Butt command! * * * don't die
* * * You feel sick!
Your wolf bites Ijyb but does no damage!
Ijyb barely misses your wolf!
Casting: Butt Canine Familiar
Confirm with ! or Enter, or press ? or * to list butt spells!
A shadowy apparition takes form in the air!
Your wolf closely misses Ijyb!
Your wolf butt-ly misses Ijyb!
Casting: Call Butt
Confirm with ! or Enter, or press ? or * to list all spells!
You don't have enough magic to cast that spell!
Your wolf bites Butt but does no damage!
Ijyb zaps a wand!
You are blasted!!! rip

#................#....
##.###.##.....gh......
#
###...##.............
#. ##.......†..÷......
#.#####.##..#.........
#...##................
......#.......#.......
#.#.....5..#.##......
#.#.##.@.##.#.##... #
##..#......## ..
###........# #
#.......##...#
##########..##.###
#.##
###...........####
...# ...........)..##
.. . .#####....<#...#
.. ## #....####.### .#


You could see Ijyb, a friendly wolf and a friendly shadow imp.

Vanquished Creatures
  An orc wizard (D:4)
  A hobgoblin (D:2)
2 creatures vanquished.

Vanquished Creatures (collateral kills)
  A scorpion (D:4)
  A bullfrog skeleton (D:2)
  A gnoll (D:2)
  4 adders
  4 oozes
  2 worms
  2 dart slugs
  2 leopard geckos (D:1)
  7 orcs
  3 giant cockroaches
  7 goblins
  4 hobgoblins
  4 jackals
  A quokka (D:3)
  5 bats
  5 frilled lizards
  A jackal skeleton (D:4)
  8 kobolds
  A quokka skeleton (D:4)
  7 rats
70 creatures vanquished.

Grand Total: 72 creatures vanquished

Notes
Turn   | Place    | Note
-------+----------+-------------------------------------------
     0 | D:1      | Gorglomux the Tengu Summoner began the quest for the Orb.
     0 | D:1      | Reached XP level 1. HP: 10/10 MP: 4/4
   182 | D:1      | Reached skill level 5 in Summonings
   278 | D:1      | Reached XP level 2. HP: 9/15 MP: 0/6
   410 | D:1      | Learned a level 2 spell: Call Imp
  1672 | D:2      | Reached XP level 3. HP: 19/19 MP: 5/7
  1688 | D:2      | Learned a level 3 spell: Call Canine Familiar
  1996 | D:2      | Reached skill level 3 in Spellcasting
  2409 | D:2      | Reached XP level 4. HP: 24/24 MP: 9/9
  2786 | D:3      | Reached skill level 6 in Summonings
  3322 | D:4      | Noticed Ijyb
  3574 | D:4      | Gained mutation: You can fly. [Tengu growth]
  3574 | D:4      | Reached XP level 5. HP: 25/28 MP: 7/11
  3627 | D:4      | Gained mutation: Your magical capacity is low. (-10% MP) [potion of mutation]
  3627 | D:4      | Gained mutation: Scrolls take you a little longer to read. [potion of mutation]
  3627 | D:4      | Gained mutation: Your flesh is cold resistant. (rC+) [potion of mutation]
  3627 | D:4      | Gained mutation: Your mind is acute. (Int +2) [potion of mutation]
  3655 | D:4      | Blown up by Ijyb

Skill      XL: |  1  2  3  4 |
---------------+-------------+-----
Summonings     | 5 6 |  6.4
Spellcasting   | 3 |  3.7
Dodging        | |  2.1
Stealth        | |  2.0

Action                   |  1- 3 |  4- 6 || total
-------------------------+-------+-------++-------
Melee: Unarmed           |     1 |     3 ||     4
       Kick              |     1 |     3 ||     4
       Mace              |       |     3 ||     3
       Peck              |       |     2 ||     2
 Cast: Summon Small Mamm |    38 |       ||    38
       Call Imp          |    10 |     7 ||    17
       Call Canine Famil |     6 |    18 ||    24
  Use: Potion            |       |     5 ||     5
  Eat: Chunk             |     6 |     6 ||    12
Armor: Robe              |     4 |     5 ||     9
Dodge: Dodged            |     9 |    26 ||    35
